Map: Lerilak Crest

Players

LilDicky - Winner!

  • Race: Terran Terran
  • League: Diamond

Fullblast

  • Race: Zerg Zerg
  • League: Gold

VOD

http://www.twitch.tv/tumescentpie

Description

Time

  • Played on: Dec. 12, 2015, 10:56 a.m.
  • Length: 7:12
Show
View Real Time Build Order
Export as new Build Order

LilDicky Terran - Winner!

Build Orders: Liberator Opening 

Get SALT Encoding   

  12  0:02  SCV  
  13  0:14  SCV  
  13  0:18  Supply Depot  
  14  0:26  SCV  
  15  0:31  Refinery  
  15  0:40  SCV  
  16  0:46  Barracks  
  16  0:55  SCV  
  17  1:07  SCV  
  18  1:19  SCV  
  19  1:31  SCV  
  20  1:34  Reaper  
  21  1:44  Orbital Command  
  21  1:51  Command Center  
  21  2:00  Refinery  
  21  2:06  Marine  
  21  2:07  Supply Depot  
  22  2:12  SCV  
  23  2:25  Factory  
  23  2:29  SCV, Marine  
  25  2:47  Marine  
  25  2:48  SCV  
  27  3:00  SCV  
  27  3:04  Refinery, Marine  
  29  3:14  Armory  
  29  3:16  Starport  
  29  3:17  Orbital Command  
  29  3:20  Factory Tech Lab  
  29  3:22  Marine  
  27  3:38  SCV  
  27  3:41  Liberator, Marine  
  27  3:42  Bunker  
  28  3:49  SCV  
  28  3:51  SCV  
  30  4:01  SCV  
  34  4:07  Thor  
  34  4:09  SCV  
  41  4:16  Supply Depot  
  41  4:17  SCV  
  41  4:21  SCV  
  43  4:24  Liberator  
  43  4:25  Marine  
  43  4:29  SCV  
  45  4:37  Orbital Command  
  36  4:54  Thor, Marine  
  36  4:56  SCV  
  36  4:58  Orbital Command  
  43  5:19  Liberator  
  43  5:23  SCV  
  43  5:24  SCV  
  43  5:26  Marine  
  46  5:36  SCV x2  
  46  5:38  Supply Depot  
  51  5:43  Marine  
  51  5:48  SCV x2  
Show
View Real Time Build Order
Export as new Build Order

Fullblast Zerg 

Build Orders: Hatch First 

Get SALT Encoding   

  12  0:01  Drone  
  13  0:16  Overlord  
  13  0:18  Drone  
  14  0:36  Drone x2  
  16  0:51  Hatchery  
  16  0:53  Drone  
  16  0:57  Extractor  
  15  1:13  Drone, Spawning Pool  
  15  1:17  Drone  
  16  1:22  Drone  
  17  1:28  Drone  
  18  1:44  Drone  
  18  1:47  Drone  
  20  1:56  Overlord  
  20  2:00  Queen  
  22  2:03  Metabolic Boost  
  22  2:06  Zergling x2  
  22  2:07  Zergling x2  
  25  2:15  Zergling x2  
  25  2:19  Queen  
  27  2:24  Drone  
  27  2:26  Drone  
  28  2:49  Queen  
  30  2:52  Extractor  
  30  2:55  Baneling Nest  
  30  2:57  Zergling x4  
  30  2:58  Zergling x6  
  34  3:12  Drone  
  34  3:13  Drone  
  34  3:14  Overlord x2  
  34  3:37  Lair  
  33  3:50  Drone x2  
  33  3:51  Drone  
  33  3:53  Roach Warren  
  35  3:56  Zergling x12  
  41  4:03  Zergling x2  
  42  4:11  Evolution Chamber, Baneling  
  42  4:12  Baneling x3  
  41  4:18  Drone x2  
  36  5:01  Drone x5  
  36  5:02  Drone x2  
  43  5:09  Spire  
  43  5:12  Spore Crawler  
  38  5:14  Spore Crawler  
  36  5:34  Zergling x12  
  42  5:35  Hydralisk Den  
  42  5:36  Drone x3  
  42  5:42  Drone x2  
  46  5:52  Drone x4  
  46  6:09  Hydralisk  
  46  6:10  Hydralisk x2  
  42  6:27  Zergling x8  
Tags
 
Add a new tag
Caveats
  • Supply blocks, unpowered buildings, or Contaminate may cause inaccurate times.
  • Supply counts are checked every 10 seconds.